 Dungeon Crawl Stone Soup version 0.31.0-9-g3a7656b989 (webtiles) character file.

Game seed: 2861372838890302267

147 qw the Shooter (level 5, 0/26 HPs)
             Began as a Spriggan Hunter on Feb 2, 2024.
             Incinerated by a bombardier beetle (6 damage)
             ... with a burning spray
             ... on level 3 of the Dungeon.
             The game lasted 00:00:09 (1949 turns).

qw the Shooter (Spriggan Hunter)                    Turns: 1949, Time: 00:00:10

Health: 0/26       AC:  3    Str: 13    XL:     5   Next: 8%
Magic:  6/6        EV: 20    Int: 11    God:
Gold:   205        SH:  0    Dex: 20    Spells: 4/4 levels left

rFire   . . .        a - +0 shortbow
rCold   . . .        (shield currently unavailable)
rNeg    . . .        c - +0 robe
rPois   +            (helmet restricted)
rElec   .            b - +0 cloak
rCorr   .            (gloves unavailable)
SInv    +            (boots unavailable)
Will    .....        (no amulet)
Stlth   +            d - +6 ring of strength
HPRegen 0.24/turn    g - ring of poison resistance
MPRegen 0.10/turn

%: no passive effects
@: on fire, glowing, very quick
A: very small, no large weapons, unfitting armour, see invisible, speed 3
a: no special abilities


You were on level 3 of the Dungeon.
You visited 1 branch of the dungeon, and saw 3 of its levels.

You collected 205 gold pieces.


Innate Abilities, Weirdness & Mutations

You are very small and have problems with some larger weapons.
You are too small for most types of armour.
You have supernaturally acute eyesight. (SInv)
You cover ground extremely quickly. (Speed+++)


   Skills:
 - Level 2.2 Fighting
 + Level 5.1 Ranged Weapons
 - Level 5.0 Dodging
 - Level 1.5 Stealth


You had 4 spell levels left.
You didn't know any spells.
Your spell library was empty.

Inventory:

Hand Weapons
 a - a +0 shortbow (weapon)
Armour
 b - a +0 cloak (worn)
 c - a +0 robe (worn)
Jewellery
 d - a +6 ring of strength (left hand)
 g - a ring of poison resistance (right hand)
Wands
 l - a wand of flame (11)
Scrolls
 i - a scroll of torment {unknown}
 j - 4 scrolls of identify {unknown}
 k - a scroll of amnesia {unknown}
 n - a scroll of fear {unknown}
 o - a scroll of blinking {unknown}
Potions
 e - a potion of berserk rage {unknown}
 f - 2 potions of curing {unknown}
 h - a potion of heal wounds {unknown}
 m - a potion of brilliance {unknown}

Dungeon Overview and Level Annotations

Branches:
Dungeon (3/15)

Altars:
Ashenzari
Vehumet


Message History

You now have 205 gold pieces (gained 10).
A goblin comes into view. It is wielding a +0 dagger.
Enter note:
Enter note:
Enter note:
Enter note:
Enter note: You shoot an arrow.
The arrow hits the goblin!
You kill the goblin!
You see here a +0 dagger.
Found a stone staircase leading down.
Enter note:
Enter note: A bombardier beetle comes into view.
You shoot an arrow. The arrow hits the bombardier beetle.
The bombardier beetle is moderately wounded.
You shoot an arrow.
The arrow barely misses the bombardier beetle.
The bombardier beetle sprays incendiary fluid at you.
The burning spray hits you.
You are covered in liquid fire!
You shoot an arrow. The arrow hits the bombardier beetle.
The bombardier beetle is severely wounded.
The liquid fire burns you!
You shoot an arrow.
The arrow hits the bombardier beetle but does no damage.
The bombardier beetle is severely wounded.
The liquid fire burns you!
You shoot an arrow. The arrow hits the bombardier beetle!
You kill the bombardier beetle!
The liquid fire burns you!
Your Fighting skill increases to level 2!
You have reached level 5!
You feel clever.
You are on fire!
The liquid fire burns you!
You are on fire!
The liquid fire burns you!
You are on fire!
The liquid fire burns you!
You die...

....#........ #.....### ..#
...........####.#.#.....# ..#
..#.#...#.......#...# #.# ..#####
.............####:..###.###.....#
................#<##.............
......)....#.##.#...<...###.##...
.....###.###....#..####.# #.##..#
..##.# 7.7 ###..........###.....#
.....#77.77# ###@.###......#.....
.###...............##........~..#
..##.#77.77##....#.##......#....#
.....# 7.7 #....%#.####......_...
.....###.####....#.............#.
#.........# ....##...........~...
#......##.###### ##............##
#......##.# #........#.......
#......##.#### #........#.......


There were no monsters in sight!

Vanquished Creatures
  A bombardier beetle (D:3)
  4 gnolls (D:2)
  An adder (D:3)
  3 ribbon worms (D:2)
  2 dart slugs
  5 ball pythons
  5 bats
  4 endoplasms
  4 giant cockroaches
  5 goblins
  3 hobgoblins (D:2)
  4 jackals (D:1)
  6 kobolds
  A quokka (D:1)
  A frilled lizard (D:1)
  3 rats (D:2)
52 creatures vanquished.

Notes
Turn   | Place    | Note
-------+----------+-------------------------------------------
     0 | D:1      | qw the Spriggan Hunter began the quest for the Orb.
     0 | D:1      | Reached XP level 1. HP: 10/10 MP: 2/2
     0 | D:1      | 0 ||| qw: Version: 0.3-a-155-g5e7d8dd
     0 | D:1      | 0 ||| qw: Game counter: 1026
     0 | D:1      | 0 ||| qw: Melee chars always use a shield: true
     0 | D:1      | 0 ||| qw: God list: Okawaru
     0 | D:1      | 0 ||| qw: Allow faded altars: false
     0 | D:1      | 0 ||| qw: Do Orc after clearing Dungeon:15 true
     0 | D:1      | 0 ||| qw: Do second Lair branch before Depths: true
     0 | D:1      | 0 ||| qw: Lair rune preference: random
     0 | D:1      | 0 ||| qw: Goals: Normal
     0 | D:1      | 0 ||| PLANNING D:1-11
    11 | D:1      | Reached skill level 3 in Dodging
   100 | D:1      | Reached XP level 2. HP: 14/14 MP: 3/3
   549 | D:1      | Reached XP level 3. HP: 14/18 MP: 4/4
   685 | D:1      | 685 ||| UPGRADING to +6 ring of strength.
   686 | D:1      | 686 ||| READING scroll labelled BEACZE CAKHLUJE.
   787 | D:1      | 787 ||| DROPPING scroll of butterflies.
   803 | D:2      | 803 ||| STAIRDANCE
   961 | D:2      | 961 ||| RETREEEEATING.
   963 | D:2      | 963 ||| RETREEEEATING.
   965 | D:2      | 965 ||| RETREEEEATING.
   969 | D:2      | 969 ||| RETREEEEATING.
   974 | D:2      | 974 ||| RETREEEEATING.
   975 | D:2      | 975 ||| FLEEEEING.
   976 | D:2      | 976 ||| FLEEEEING.
   977 | D:2      | 977 ||| RETREEEEATING.
   978 | D:2      | 978 ||| FLEEEEING.
   979 | D:2      | 979 ||| FLEEEEING.
   980 | D:2      | 980 ||| FLEEEEING.
   981 | D:2      | 981 ||| FLEEEEING.
   982 | D:2      | 982 ||| FLEEEEING.
   986 | D:2      | 986 ||| FLEEEEING.
   987 | D:2      | 987 ||| FLEEEEING.
   988 | D:2      | 988 ||| FLEEEEING.
   989 | D:2      | 989 ||| FLEEEEING.
   990 | D:2      | 990 ||| STAIRDANCE
  1030 | D:1      | 1030 ||| DROPPING ring of wizardry.
  1031 | D:1      | 1031 ||| UPGRADING to ring of poison resistance.
  1294 | D:2      | 1294 ||| RETREEEEATING.
  1296 | D:2      | 1296 ||| RETREEEEATING.
  1303 | D:2      | Reached XP level 4. HP: 22/22 MP: 5/5
  1307 | D:2      | HP: 5/22 [gnoll/+0 halberd (7)]
  1579 | D:2      | Found a broken altar of Ashenzari.
  1669 | D:2      | 1669 ||| UPGRADING to +0 cloak.
  1701 | D:3      | Found a radiant altar of Vehumet.
  1947 | D:3      | Reached XP level 5. HP: 13/26 MP: 6/6
  1948 | D:3      | HP: 5/26 [burnt (6)]
  1949 | D:3      | Incinerated by a bombardier beetle

Levels and vault maps discovered:
D:1:      dpeg_arrival_stonehenge_8_columns, layout_basic
D:2:      layout_loops_ring, basic_altar
D:3:      layout_basic, mainiacjoe_overflow_tiny_flanked,
          nicolae_tso_swordbearing_angel, minmay_tree_intersection,
          hangedman_decor_lopped

Skill      XL: |  1  2  3  4 |
---------------+-------------+-----
Dodging        | 3 4 5 |  5.0
Ranged Weapons | 5 |  5.1
Fighting       | 2 |  2.2
Stealth        | |  1.5

Action                     |  1- 3 |  4- 6 || total
---------------------------+-------+-------++-------
   Fire: Shortbow          |   142 |    36 ||   178
    Use: Scroll            |     1 |       ||     1
 Armour: Robe              |    20 |     2 ||    22
  Dodge: Dodged            |    60 |    22 ||    82

Table legend:
 A = Non-vault XP
 B = Vault XP
 C = Vault XP percentage of total XP
 D = Non-vault monster count
 E = Vault monster count
 F = Vault count percentage of total count
                 A         B        C        D         E       F
            +---------+---------+-------+---------+---------+-------
      Total |     211 |       0 |   0.0 |      52 |       0 |   0.0
            +---------+---------+-------+---------+---------+-------
        D:1 |      45 |       0 |   0.0 |      23 |       0 |   0.0
        D:2 |      97 |       0 |   0.0 |      23 |       0 |   0.0
        D:3 |      69 |       0 |   0.0 |       6 |       0 |   0.0
            +---------+---------+-------+---------+---------+-------
